Map: Echo LE

Players

SolO

  • Race: Zerg Zerg
  • Spawn Location: 11:00

AcerBly (Bly) - Winner!

  • Race: Zerg Zerg
  • Spawn Location: 5:00

Event: LycanGTV LotV Beta Tournament 1

VOD

Have the link to the VOD?

Description

Time

  • Played on: April 2, 2015, 2:11 p.m.
  • Length: 5:00

All games in this series

Show
View Real Time Build Order
Export as new Build Order

SolO Zerg 

Build Orders: Hatch First 

Get SALT Encoding   

  12  0:01  Drone  
  13  0:12  Overlord  
  13  0:19  Drone  
  14  0:31  Drone x2  
  16  0:36  Drone  
  17  0:46  Drone  
  18  0:55  Hatchery  
  17  0:59  Drone  
  18  1:07  Drone  
  19  1:13  Extractor  
  19  1:15  Spawning Pool  
  17  1:19  Drone  
  18  1:29  Drone  
  19  1:39  Drone  
  20  1:49  Overlord  
  20  2:02  Queen  
  20  2:07  Queen  
  20  2:08  Zergling x4  
  26  2:12  Metabolic Boost  
  26  2:14  Drone  
  27  2:18  Drone  
  27  2:22  Drone  
  29  2:29  Drone  
  30  2:33  Baneling Nest  
  30  2:34  Drone  
  30  2:40  Overlord  
  30  2:53  Drone  
  30  3:02  Zergling x6  
  33  3:08  Zergling x2  
  34  3:15  Zergling x4  
  34  3:16  Zergling x14  
  43  3:33  Overlord  
  43  3:39  Hatchery  
  42  3:46  Baneling  
  35  3:56  Zergling x4  
  35  3:57  Zergling x6  
  35  3:59  Drone x5  
  44  4:09  Overlord  
  43  4:11  Evolution Chamber, Baneling  
  43  4:14  Drone  
  36  4:38  Drone x5  
  33  4:39  Drone  
Show
View Real Time Build Order
Export as new Build Order

AcerBly Zerg - Winner!

Build Orders: Hatch First 

Get SALT Encoding   

  12  0:01  Drone  
  13  0:12  Overlord  
  13  0:17  Drone  
  14  0:30  Drone x2, Extractor  
  16  0:47  Extractor  
  15  0:51  Hatchery  
  15  0:54  Drone  
  15  0:56  Drone  
  16  1:11  Spawning Pool  
  16  1:15  Drone  
  16  1:20  Drone  
  16  1:24  Drone  
  18  1:30  Drone  
  19  1:39  Overlord  
  19  1:58  Metabolic Boost, Queen  
  21  2:02  Queen  
  21  2:06  Zergling x2  
  24  2:08  Zergling x2  
  24  2:14  Drone  
  24  2:15  Drone  
  27  2:25  Drone x3  
  30  2:35  Baneling Nest, Drone  
  30  2:42  Queen  
  31  3:00  Zergling x8  
  31  3:03  Overlord  
  35  3:06  Overlord  
  35  3:18  Overlord  
  35  3:22  Baneling x4  
  35  3:23  Baneling x3  
  35  3:29  Zergling x6  
  35  3:30  Zergling x4  
  35  3:33  Zergling x4  
  41  3:58  Zergling x4  
  41  3:59  Zergling x12  
  49  4:05  Drone x4  
  49  4:09  Overlord  
  51  4:12  Overlord  
  50  4:38  Zergling x24  

Tags
 
Add a new tag
Caveats
  • Supply blocks, unpowered buildings, or Contaminate may cause inaccurate times.
  • Supply counts are checked every 10 seconds.